 Dungeon Crawl Stone Soup version 0.29.1-15-g9cfb28693d (webtiles) character file.

Game seed: 17400617064978314131

66871 Smoke131 the Devastator (level 14, -2/121 HPs)
             Began as a Purple Draconian Fire Elementalist on Mar 2, 2023.
             Was a High Priest of Vehumet.
             Slain by a +3 long sword (9 damage)
             ... on level 14 of the Dungeon.
             The game lasted 01:17:33 (24326 turns).

Smoke131 the Devastator (DrFE)                     Turns: 24326, Time: 01:17:34

Health: -2/121     AC: 14    Str: 11    XL:     14   Next: 80%
Magic:  28/28      EV: 18    Int: 30    God:    Vehumet [*****.]
Gold:   1632       SH:  0    Dex:  9    Spells: 1/33 levels left

rFire   + . .      SeeInvis .   e - staff of fire
rCold   + . .      Faith    .   (no shield)
rNeg    . . .      Spirit   .   (body armour unavailable)
rPois   +          Reflect  .   (helmet restricted)
rElec   .          Harm     .   f - +1 cloak of Demons {Int+9}
rCorr   +          Rampage  .   s - +1 pair of gloves
Will    ++...                   u - +1 pair of boots
Stlth   ++........              T - amulet "Toytag" {RegenMP rPois rCorr Int+2}
HPRegen 0.30/turn               x - +4 ring of evasion
MPRegen 0.61/turn               G - ring of protection from cold

@: about to teleport
A: breathe power, AC +8, unfitting armour, cold-blooded, clumsy 1, dopey 1
a: Breathe Dispelling Energy, Renounce Religion


You were on level 14 of the Dungeon.
You worshipped Vehumet.
Vehumet was extremely pleased with you.
You visited 4 branches of the dungeon, and saw 22 of its levels.
You also visited: Trove.

You collected 2127 gold pieces.
You spent 495 gold pieces at shops.

Inventory:

Hand Weapons
 M - the +8 trident of the Octopus King {venom, rElec rPois}
   (You found it on level 5 of the Lair of Beasts)

   It poisons the flesh of those it strikes.
   rElec:     It insulates you from electricity.
   rPois:     It protects you from poison.
Armour
 f - the +1 cloak of Demons (worn) {Int+9}
   (You bought it in a shop on level 2 of the Orcish Mines)

   Int:       It affects your intelligence (+9).
 s - a +1 pair of gloves (worn)
 u - a +1 pair of boots (worn)
Magical Staves
 e - a staff of fire (weapon)
Jewellery
 h - a +4 ring of protection
 n - a ring of protection from fire
 v - a ring of protection from cold
 x - a +4 ring of evasion (left hand)
 G - a ring of protection from cold (right hand)
 J - a ring of willpower
 Q - a ring of resist corrosion
 R - a ring of fire
 T - the amulet "Toytag" (around neck) {RegenMP rPois rCorr Int+2}
   (You found it on level 12 of the Dungeon)

   [amulet of magic regeneration]

   It increases your rate of magic regeneration.
   Int:       It affects your intelligence (+2).
   rPois:     It protects you from poison.
   rCorr:     It protects you from acid and corrosion.
Wands
 k - a wand of flame (13)
 q - a wand of polymorph (6)
 y - a wand of digging (1)
 z - a wand of paralysis (4)
 B - a wand of roots (18)
 H - a wand of mindburst (23)
 N - a wand of quicksilver (4)
Scrolls
 g - 3 scrolls of teleportation
 j - 4 scrolls of immolation
 p - 5 scrolls of poison
 A - 2 scrolls of torment
 D - 4 scrolls of enchant armour
 E - 4 scrolls of fog
 F - 2 scrolls of silence
 I - 2 scrolls of blinking
 L - 2 scrolls of amnesia
 O - a scroll of enchant weapon
 P - a scroll of magic mapping
 S - a scroll of acquirement {unknown}
Potions
 a - 3 potions of magic
 b - a potion of haste
 c - 3 potions of might
 d - 5 potions of heal wounds
 i - a potion of berserk rage
 l - a potion of flight
 m - 2 potions of invisibility
 o - 10 potions of curing
 r - 2 potions of ambrosia
 t - 3 potions of resistance
 w - 2 potions of brilliance
 C - 3 potions of lignification
 K - a potion of cancellation


   Skills:
 - Level 10.0 Fighting
 * Level 2.4 Polearms
 - Level 10.0 Dodging
 - Level 1.7 Stealth
 + Level 10.2 Spellcasting
 - Level 15.0 Conjurations
 - Level 15.0 Fire Magic


You had one spell level left.
You knew the following spells:

 Your Spells              Type           Power      Damage    Failure   Level
a - Foxfire               Conj/Fire      100%       2x1d9     0%          1
b - Scorch                Fire           100%       2d10      0%          2
c - Conjure Flame         Conj/Fire      100%       6-21      0%          3
d - Sticky Flame          Conj/Fire      100%       2d11      1%          4
e - Flame Wave            Conj/Fire      100%       2d21      1%          4
f - Starburst             Conj/Fire      51%        6d14      1%          6
g - Fireball              Conj/Fire      51%        3d20      1%          5
z - Orb of Destruction    Conj           40%        9d11      1%          7

Your spell library contained the following spells:

 Spells                   Type           Power      Damage    Failure   Level
 Spellforged Servitor     Conj/Summ      28%        N/A       32%         7
 Magic Dart               Conj           100%       1d8       0%          1
 Sandblast                Erth           30%        2d9       1%          1
 Shock                    Conj/Air       100%       1d9       1%          1
 Apportation              Tloc           30%        N/A       3%          1
 Beastly Appendage        Tmut           30%        N/A       3%          1
 Necrotise                Necr           60%        1d7       3%          1
 Slow                     Hex            60%        N/A       3%          1
 Summon Small Mammal      Summ           60%        N/A       3%          1
 Searing Ray              Conj           100%       2d8       0%          2
 Static Discharge         Conj/Air       57%        3-11/arc  1%          2
 Dazzling Flash           Conj/Hex       100%       N/A       1%          3
 Ignite Poison            Fire/Tmut/Pois 61%        N/A       1%          3
 Inner Flame              Hex/Fire       74%        N/A       1%          3
 Mephitic Cloud           Conj/Pois/Air  45%        N/A       1%          3
 Stone Arrow              Conj/Erth      100%       3d13      1%          3
 Iskenderun's Mystic Bla  Conj/Tloc      57%        2d12      1%          4
 Irradiate                Conj/Tmut      28%        3d21      1%          5
 Iskenderun's Battlesphe  Conj           81%        2d13      1%          5
 Lightning Bolt           Conj/Air       28%        1d45      1%          5
 Freezing Cloud           Conj/Ice/Air   22%        6-21      3%          5
 Call Imp                 Summ           15%        N/A       5%          2
 Ensorcelled Hibernation  Hex/Ice        30%        N/A       5%          2
 Passwall                 Tmut/Erth      12%        N/A       5%          2
 Sublimation of Blood     Necr           15%        N/A       5%          2
 Wereblood                Tmut           15%        N/A       5%          2
 Conjure Ball Lightning   Conj/Air       28%        3x3d8     7%          6
 Iron Shot                Conj/Erth      28%        9d6       7%          6
 Airstrike                Air            7%         2d(2-18)  10%         4
 Call Canine Familiar     Summ           15%        N/A       11%         3
 Confusing Touch          Hex            15%        N/A       11%         3
 Spider Form              Tmut/Pois      15%        N/A       11%         3
 Summon Guardian Golem    Hex/Summ       15%        N/A       11%         3
 Swiftness                Air            15%        N/A       11%         3
 Tukima's Dance           Hex            15%        N/A       11%         3
 Ignition                 Fire           51%        3d14      13%         8
 Anguish                  Hex/Necr       7%         N/A       34%         4
 Cause Fear               Hex            7%         N/A       34%         4
 Corpse Rot               Necr/Pois/Air  15%        N/A       34%         4
 Dispel Undead            Necr           15%        3d10      34%         4
 Summon Ice Beast         Ice/Summ       15%        N/A       34%         4
 Agony                    Necr           15%        N/A       67%         5
 Metabolic Englaciation   Hex/Ice        7%         N/A       67%         5
 Silence                  Hex/Air        7%         N/A       67%         5
 Summon Forest            Summ/Tloc      7%         N/A       67%         5
 Summon Mana Viper        Hex/Summ       15%        N/A       67%         5
 Lehudib's Crystal Spear  Conj/Erth      28%        10d8      92%         8
 Simulacrum               Ice/Necr       7%         N/A       99%         6
 Summon Cactus Giant      Summ           7%         N/A       99%         6
 Enfeeble                 Hex            7%         N/A       100%        7
 Haunt                    Necr/Summ      7%         N/A       100%        7
 Monstrous Menagerie      Summ           7%         N/A       100%        7
 Summon Hydra             Summ           7%         N/A       100%        7
 Discord                  Hex            7%         N/A       100%        8
 Maxwell's Capacitive Co  Air            7%         ∞         100%        8


Dungeon Overview and Level Annotations

Branches:
Dungeon (14/15)            Temple (1/1) D:7            Lair (5/5) D:10
  Swamp (0/4) Lair:3       Spider (0/4) Lair:2        Slime (0/5) Lair:5
    Orc (2/2) D:9             Elf (0/3) Orc:2
 Vaults: D:13-14

Altars:
Ashenzari
Cheibriados
Dithmenos
Elyvilon
Fedhas
Gozag
Hepliaklqana
Kikubaaqudgha
Makhleb
Nemelex Xobeh
Okawaru
Qazlal
Ru
Sif Muna
Trog
Uskayaw
Vehumet
Wu Jian
Xom
Yredelemnul
Zin
The Shining One

Shops:
Orc:2 :[[:

Annotations:
D:13 1 runed translucent door


Innate Abilities, Weirdness & Mutations

You can breathe bolts of dispelling energy.
Your rich purple scales are hard. (AC +8)
You cannot fit into any form of body armour.
You are cold-blooded and may be slowed by cold attacks.
You are clumsy. (Dex -2)
You are dopey. (Int -2)


Message History

The +5 long sword completely misses you.
The +5 long sword hits you!!
Casting: Scorch (safe; 0% risk of failure)
Confirm with . or Enter, or press ? or * to list all spells.
You feel a surge of power!
Flames lash the +5 long sword.
The +5 long sword resists.
The +5 long sword is lightly damaged.
The +5 long sword hits you!
The +5 long sword hits you but does no damage.
The +5 long sword barely misses you. The +3 long sword closely misses you.
The +3 long sword attacks as you move away!
The +3 long sword hits you!
The +5 long sword attacks as you move away!
The +5 long sword barely misses you. The +3 long sword hits you!
The +5 long sword hits you!
The +5 long sword attacks as you move away!
The +5 long sword misses you.
There is a stone staircase leading up here.
As you read the scroll of teleportation, it crumbles to dust.
You feel strangely unstable.
The +3 long sword completely misses you.
The +5 long sword hits you. The +3 long sword hits you!
The +5 long sword hits you.
The +3 long sword attacks as you move away!
The +3 long sword hits you!
* * * LOW HITPOINT WARNING * * *
The +3 long sword hits you!
* * * LOW HITPOINT WARNING * * *
The +5 long sword hits you.
* * * LOW HITPOINT WARNING * * *
The +5 long sword is no longer more vulnerable to fire.
The +5 long sword attacks as you move away!
The +5 long sword hits you.
* * * LOW HITPOINT WARNING * * *
The +3 long sword hits you but does no damage.
The +5 long sword hits you!
* * * LOW HITPOINT WARNING * * *
The +3 long sword attacks as you move away!
The +3 long sword hits you!
You die...

#.##.. .. .#.#... ...
.......## ####...
........########## ##.......
..?..............# #........
............<....# #........
#...............# ##........
..............(..# #.<.......
#.............(@.## #.........
##.............)..###.......!.
#.#....>..#####..............
# ######### ######.........
##........ #........ #........
....... #.?....


You could see 2 dancing weapons.

Vanquished Creatures
  Jorgrun (D:13)
  A minotaur (D:12)
  11 hydras
  4 boulder beetles
  A merfolk avatar (Lair:5)
  A vault guard (D:11)
  3 centaur warriors
  The ghost of ShinQuickMan the Convoker, a journeyman DESu of Sif Muna (D:12)
  3 two-headed ogres
  A catoblepas (Lair:5)
  2 orc high priests
  2 sea snakes (Lair:5)
  2 bog bodies (Lair:3)
  A deep elf pyromancer (D:13)
  An ugly thing (D:13)
  6 orc sorcerers
  4 cyclopes
  A manticore (D:12)
  10 elephants
  Maggie (D:7)
  Joseph (D:7)
  A gargoyle (D:13)
  10 cane toads
  A torpor snail (Lair:3)
  2 kobold demonologists
  17 komodo dragons
  An unseen horror (D:10)
  2 rime drakes (Lair:5)
  Psyche (D:8)
  10 trolls
  4 hornets
  2 polar bears
  Grinder (D:5)
  9 blink frogs
  12 slime creatures
  A snapping turtle (Lair:5)
  2 wraiths
  2 vampires
  2 wyverns
  43 yaks
  3 steam dragons
  A basilisk (D:11)
  3 redbacks (Lair:2)
  15 vampire mosquitoes
  Edmund (D:4)
  2 wargs
  16 water moccasins
  22 orc warriors
  3 ice beasts
  8 ogres
  A black bear (D:5)
  A boggart (D:12)
  10 wolves
  2 phantoms
  4 centaurs
  13 bullfrogs
  Blork the orc (D:5)
  2 scorpions
  3 howler monkeys
  6 killer bees (D:8)
  2 vampire bats (D:4)
  5 electric eels
  9 hounds
  4 jellies
  19 orc priests
  2 gnoll boudas
  4 iguanas
  41 orc wizards
  Robin (D:2)
  7 gnolls
  6 adders
  A shadow imp (D:7)
  3 white imps
  An ufetubus (D:6)
  A worm (D:3)
  2 dart slugs
  69 orcs
  5 endoplasms
  2 giant cockroaches
  9 goblins
  12 hobgoblins
  5 jackals
  A kobold (D:2)
  3 quokkas
  4 ball pythons
  17 bats
  A frilled lizard (D:1)
  3 rats
537 creatures vanquished.

Vanquished Creatures (collateral kills)
  5 foxfires
5 creatures vanquished.

Vanquished Creatures (others)
  An ogre (Orc:2)
  An orc wizard (D:9)
  957 foxfires
  15 fungi
  44 plants
1018 creatures vanquished.

Grand Total: 1560 creatures vanquished

Notes
Turn   | Place    | Note
-------+----------+-------------------------------------------
     0 | D:1      | Smoke131 the Draconian Fire Elementalist began the quest
                  | for the Orb.
     0 | D:1      | Reached XP level 1. HP: 14/14 MP: 3/3
   468 | D:1      | Reached XP level 2. HP: 22/22 MP: 0/5
   479 | D:1      | Learned a level 2 spell: Scorch
   966 | D:1      | Reached skill level 1 in Fighting
  1413 | D:2      | Found a snail-covered altar of Cheibriados.
  1475 | D:2      | Noticed Robin
  1476 | D:2      | Reached XP level 3. HP: 28/28 MP: 1/6
  1516 | D:2      | Killed Robin
  1809 | D:2      | Noticed an ogre
  2580 | D:2      | Killed an ogre
  2581 | D:2      | Reached XP level 4. HP: 37/37 MP: 0/8
  2581 | D:2      | Reached XP level 5. HP: 42/42 MP: 0/9
  2831 | D:3      | Found a glowing golden altar of the Shining One.
  2915 | D:3      | Found an iron altar of Okawaru.
  2915 | D:3      | Found a hazy altar of Hepliaklqana.
  2915 | D:3      | Found a shimmering altar of Xom.
  2917 | D:3      | Found a shadowy altar of Dithmenos.
  2921 | D:3      | Found a burning altar of Makhleb.
  2936 | D:3      | Found a faded altar of an unknown god.
  3126 | D:3      | Found a snail-covered altar of Cheibriados.
  3481 | D:4      | Learned a level 3 spell: Conjure Flame
  3577 | D:4      | Noticed Edmund
  3587 | D:4      | Killed Edmund
  3588 | D:4      | Reached XP level 6. HP: 40/51 MP: 1/11
  4100 | D:4      | Your scales start taking on a rich purple colour.
  4100 | D:4      | Reached XP level 7. HP: 58/58 MP: 1/14
  4537 | D:5      | Entered Level 5 of the Dungeon
  4747 | D:5      | Reached skill level 5 in Fire Magic
  4777 | D:5      | Reached skill level 5 in Spellcasting
  4794 | D:5      | Found an ornate altar of the Wu Jian Council.
  5094 | D:5      | Reached skill level 5 in Fighting
  5094 | D:5      | Reached XP level 8. HP: 68/68 MP: 8/15
  5115 | D:5      | Noticed Grinder
  5118 | D:5      | Killed Grinder
  5119 | D:5      | Reached skill level 5 in Conjurations
  5120 | D:5      | Noticed Blork the orc
  5131 | D:5      | Killed Blork the orc
  6552 | D:7      | Reached XP level 9. HP: 78/78 MP: 12/16
  6729 | D:7      | Found a staircase to the Ecumenical Temple.
  6766 | Temple   | Entered the Ecumenical Temple
  6847 | Temple   | Became a worshipper of Vehumet
  6864 | D:7      | Noticed Maggie
  7031 | D:7      | Found a white marble altar of Elyvilon.
  7092 | D:7      | Killed Maggie
  7352 | D:7      | Learned a level 4 spell: Flame Wave
  7357 | D:7      | Learned a level 4 spell: Sticky Flame
  7510 | D:7      | Found a stormy altar of Qazlal.
  7862 | D:8      | Noticed a two-headed ogre
  7942 | D:8      | Noticed Joseph
  7942 | D:8      | Noticed Psyche
  8131 | D:8      | Killed Psyche
  8131 | D:8      | Reached * piety under Vehumet
  8131 | D:8      | Offered knowledge of Shock by Vehumet.
  8174 | D:8      | Reached XP level 10. HP: 84/90 MP: 12/17
  8392 | D:7      | Killed Joseph
  8529 | D:8      | Killed a two-headed ogre
  9517 | D:9      | Offered knowledge of Searing Ray by Vehumet.
  9519 | D:9      | Reached ** piety under Vehumet
  9521 | D:9      | Reached skill level 10 in Fighting
  9521 | D:9      | Reached skill level 10 in Fire Magic
  9733 | D:9      | Found a shimmering blue altar of Sif Muna.
  9764 | D:9      | Paralysed by a hornet for 2 turns
  9767 | D:9      | Reached skill level 10 in Conjurations
 10077 | D:9      | Identified the +3 ring mail of Philately {rElec Str+3 Int+2
                  | Dex+4}
 10237 | D:9      | Found a staircase to the Orcish Mines.
 10265 | D:10     | Entered Level 10 of the Dungeon
 10283 | D:10     | Reached XP level 11. HP: 99/99 MP: 12/18
 10432 | D:10     | Offered knowledge of Stone Arrow by Vehumet.
 10471 | D:10     | Learned a level 3 spell: Stone Arrow
 10486 | D:10     | Found a sparkling altar of Nemelex Xobeh.
 10487 | D:10     | Found an opulent altar of Gozag.
 10532 | D:10     | Found a staircase to the Lair.
 10571 | D:10     | Found an ancient bone altar of Kikubaaqudgha.
 11102 | D:10     | Reached skill level 5 in Dodging
 11235 | D:11     | Noticed a boulder beetle
 11256 | D:10     | Killed a boulder beetle
 11680 | Lair:1   | Entered Level 1 of the Lair of Beasts
 11719 | Lair:1   | Reached *** piety under Vehumet
 11737 | Lair:1   | Offered knowledge of Frozen Ramparts by Vehumet.
 11948 | Lair:1   | Reached XP level 12. HP: 55/106 MP: 13/19
 12153 | Lair:1   | Reached skill level 10 in Dodging
 12470 | Lair:1   | Noticed an eight-headed hydra
 12477 | Lair:1   | Killed an eight-headed hydra
 12862 | Lair:2   | Reached **** piety under Vehumet
 13266 | Lair:2   | Found a hole to the Spider Nest.
 13491 | Lair:3   | Noticed a seven-headed hydra
 13496 | Lair:3   | Killed a seven-headed hydra
 13704 | Lair:3   | Found a staircase to the Swamp.
 13839 | Lair:3   | Offered knowledge of Iskenderun's Battlesphere by Vehumet.
 13994 | Lair:3   | Noticed a six-headed hydra
 14002 | Lair:3   | Killed a six-headed hydra
 14204 | Lair:3   | Noticed a five-headed hydra
 14212 | Lair:3   | Killed a five-headed hydra
 14385 | Lair:3   | Noticed an eight-headed hydra
 14396 | Lair:3   | Killed an eight-headed hydra
 14418 | Lair:3   | Gained mutation: You are clumsy. (Dex -2) [potion of
                  | mutation]
 14418 | Lair:3   | Gained mutation: You are dopey. (Int -2) [potion of
                  | mutation]
 14454 | Lair:3   | Noticed a seven-headed hydra
 14734 | Lair:3   | Killed a seven-headed hydra
 14901 | Lair:3   | Noticed an eight-headed hydra
 14901 | Lair:3   | Noticed a six-headed hydra
 14921 | Lair:3   | Killed an eight-headed hydra
 14929 | Lair:3   | Killed a six-headed hydra
 14930 | Lair:3   | Reached XP level 13. HP: 66/113 MP: 21/25
 16293 | Lair:5   | Entered Level 5 of the Lair of Beasts
 16583 | Lair:5   | Reached ***** piety under Vehumet
 16583 | Lair:5   | Offered knowledge of Starburst by Vehumet.
 16750 | Lair:5   | Learned a level 6 spell: Starburst
 17002 | Lair:5   | Found a staircase to the Slime Pits.
 17362 | Lair:5   | Reached skill level 10 in Spellcasting
 17755 | Lair:5   | Found the +8 trident of the Octopus King {venom, rElec
                  | rPois}
 18209 | Orc:1    | Entered Level 1 of the Orcish Mines
 18853 | Orc:2    | Entered Level 2 of the Orcish Mines
 19374 | Orc:2    | Offered knowledge of Eringya's Noxious Bog by Vehumet.
 19381 | Orc:2    | Reached XP level 14. HP: 121/121 MP: 15/28
 19589 | Orc:2    | Found Ytyfukh Dena's Armour Shop.
 19589 | Orc:2    | Found Urylorob's Book Boutique.
 19590 | Orc:2    | Found Guqeclithra's Armour Boutique.
 19600 | Orc:2    | Found Toxt's Book Shop.
 19607 | Orc:2    | Bought the +1 cloak of Demons {Int+9} for 495 gold pieces
 19619 | Orc:2    | Found a staircase to the Elven Halls.
 20622 | D:11     | Found a portal to a secret trove of treasure.
 20626 | D:11     | You paid a toll of 3 potions of resistance to enter a
                  | treasure trove
 20627 | Trove    | Entered a treasure trove
 20644 | Trove    | Got the Anthology of the Shadowy Barrage
 20661 | Trove    | Got the Almanac of the Barrage and Ozone
 20664 | Trove    | Got the Compilation of Jinxing
 20684 | Trove    | Got Byfuv's Catalogue of Fey Mustering
 20690 | Trove    | Got the Grimoire of the Forceful Coals
 20693 | Trove    | Got Sif Muna's Secrets of Blasting
 20696 | Trove    | Got the Codex of Congregated Ensorcelling
 20721 | D:11     | Learned a level 7 spell: Orb of Destruction
 20746 | D:11     | Learned a level 5 spell: Fireball
 21902 | D:12     | Offered knowledge of Spellforged Servitor by Vehumet.
 22056 | D:12     | Found a runed translucent gate.
 22056 | D:12     | Found a runed translucent gate.
 22057 | D:12     | Found a runed translucent gate.
 22067 | D:12     | Noticed ShinQuickMan's ghost (journeyman DESu)
 22687 | D:12     | Killed ShinQuickMan's ghost
 22867 | D:12     | Identified the amulet "Toytag" {RegenMP rPois rCorr Int+2}
 23508 | D:13     | Noticed Jorgrun
 23522 | D:13     | Killed Jorgrun
 23523 | D:13     | Reached skill level 15 in Conjurations
 23523 | D:13     | Reached skill level 15 in Fire Magic
 23742 | D:13     | Reached skill level 1 in Polearms
 24216 | D:13     | Found a runed translucent door.
 24326 | D:14     | Slain by a +3 long sword

Illustrated notes

Levels and vault maps discovered:
D:1:      dpeg_arrival_connections, layout_loops_corners, columned_hall_lemuel
D:2:      layout_basic, basic_altar, uniq_robin
D:3:      layout_rooms, tso_oasis_becter, grunt_temple_overflow_open,
          cheibrodos_worm_habitat, ebering_ecumenical_altar_rust
D:4:      layout_basic, kennysheep_big_empty_room,
          amcnicky_mini_corridor_feature, roderic_batcave, uniq_edmund
D:5:      layout_gridville, nicolae_wu_jian_immortal_techniques,
          corexii_mini_fake_secret_closet, st_stairs_9, uniq_grinder,
          uniq_blork_the_orc
D:6:      layout_loops_cross
D:7:      layout_basic, mainiacjoe_overflow_catch_the_wave,
          minmay_temple_entry_poolview, uniq_maggie
D:8:      layout_cave_pools, serial_column_ruins, column_ruins_hut_pillars,
          column_ruins_open_small, column_ruins_columns_straight,
          column_ruins_grid_3, column_ruins_grid_1, uniq_joseph, uniq_psyche
D:9:      layout_stronghold, nicolae_sif_muna_condensation, hiddenorc1_lemuel
D:10:     layout_cave_pods, grunt_temple_overflow_opulence,
          nicolae_overflow_hidden_temple, erik_lair_island
D:11:     layout_long_grid, enter_trove_5
D:12:     layout_long_grid, maelrawn_ghost_gauntlet_escape
D:13:     gammafunk_mikee_crab_dinner, layout_loops_ring, nicolae_hexahallways,
          uniq_jorgrun
D:14:     layout_cave_pods, erik_vaults_1, nicolae_hepliaklqana_hippocampus,
          nicolae_kikubaaqudgha_miasma_corner
Temple:   hellmonk_temple_micro_hex
Lair:1:   layout_long_grid, beast_lair_carwin_8, grunt_megastairs_4
Lair:2:   layout_misc_corridors, spider_nest_entry_webs, beast_lair_carwin_5
Lair:3:   nzn_winding_woodlands_medium [nzn_winding_woodlands_5x5_closed_star,
          nzn_winding_woodlands_5x15_garden,
          nzn_winding_woodlands_5x5_open_star,
          nzn_winding_woodlands_5x5_perimeter,
          nzn_winding_woodlands_center_lodge,
          nzn_winding_woodlands_5x5_checkerboard,
          nzn_winding_woodlands_5x5_three,
          nzn_winding_woodlands_5x15_sidewinder,
          nzn_winding_woodlands_5x5_default], layout_gridlike,
          skrybe_swamp_entry_bodies
Lair:4:   layout_gridlike, minmay_hedge_maze, lemuel_fruit_fields
Lair:5:   gammafunk_lair_ancient_temple, layout_regular_city,
          dpeg_slime_entry_enclosed, chequers_serial_rivers_marsh,
          serial_bayou_shore_a, serial_bayou_shore_b
Orc:1:    layout_caves, nicolae_orc_sculptors_studio
Orc:2:    st_orc_mages, layout_caves

Skill      XL: |  1  2  3  4  5  6  7  8  9 10 11 12 13 14 |
---------------+-------------------------------------------+-----
Dodging        | 2 9 10 | 10.0
Fighting       | 1 2 3 5 6 8 10 | 10.0
Conjurations   | 2 3 4 6 8 10 11 13 15 | 15.0
Spellcasting   | 3 4 5 8 10 | 10.2
Fire Magic     | 4 5 7 8 10 11 13 15 | 15.0
Polearms       | 2 |  2.4
Stealth        | |  1.7

Action                   |  1- 3 |  4- 6 |  7- 9 | 10-12 | 13-15 || total
-------------------------+-------+-------+-------+-------+-------++-------
Melee: Staff             |    78 |    59 |    22 |    25 |    36 ||   220
       Dagger            |     8 |       |       |       |       ||     8
       Unarmed           |     5 |       |       |       |       ||     5
       Tailslap          |    11 |     7 |     6 |     7 |     9 ||    40
       Punch             |       |       |       |     1 |     1 ||     2
 Cast: Foxfire           |    40 |    28 |   117 |   162 |   214 ||   561
       Scorch            |     4 |    21 |   104 |   144 |   237 ||   510
       Flame Wave        |       |       |       |    17 |    22 ||    39
       Sticky Flame      |       |       |       |    45 |    64 ||   109
       Conjure Flame     |       |       |       |     2 |     3 ||     5
       Starburst         |       |       |       |       |    11 ||    11
       Fireball          |       |       |       |       |     6 ||     6
 Abil: Breathe Dispellin |       |       |     1 |     1 |       ||     2
  Use: Scroll            |       |    10 |     3 |    13 |     3 ||    29
       Potion            |       |       |       |     3 |     2 ||     5
 Stab: Sleeping          |     1 |     1 |     1 |       |       ||     3
Armor: Skin              |    39 |    44 |    27 |    56 |    61 ||   227
Dodge: Dodged            |    68 |    87 |    62 |   131 |   218 ||   566
